 Dungeon Crawl Stone Soup version 0.28-a0-1415-g7c84da036a (webtiles) character file.

Game seed: 17824324697603564966

24348 bande the Cleaver (level 13, -15/78 HPs)
             Began as a Gargoyle Fighter on Jan 8, 2022.
             Was the Champion of Okawaru.
             Demolished by Rupert (38 damage)
             ... on level 4 of the Lair of Beasts.
             The game lasted 00:42:38 (21811 turns).

bande the Cleaver (Gargoyle Fighter)               Turns: 21811, Time: 00:42:39

Health: -15/78     AC: 27    Str: 21    XL:     13   Next: 12%
Magic:  18/18      EV:  5    Int: 12    God:    Okawaru [******]
Gold:   911        SH: 17    Dex: 19    Spells: 11/12 levels left

rFire   + . .      SeeInvis .   p - +7 war axe (vorpal)
rCold   . . .      Faith    .   m - +0 tower shield
rNeg    + . .      Spirit   .   G - +5 chain mail of the Swan {Int+3}
rPois   ∞          Reflect  .   D - +0 helmet
rElec   +          Harm     .   (no cloak)
rCorr   .          Rampage  .   (no gloves)
Will    .....                   (no boots)
Stlth   ..........              (no amulet)
HPRegen 0.23/turn               l - ring "Sicyssil" {rElec Dex+6}
MPRegen 0.16/turn               f - ring of protection from fire

@: no status effects
A: sickness immunity, AC +9, negative energy resistance 1, electricity
resistance, torment resistance 1, petrification resistance, passive freeze
a: Renounce Religion, Heroism, Finesse, Duel


You were on level 4 of the Lair of Beasts.
You worshipped Okawaru.
Okawaru was exalted by your worship.
You visited 3 branches of the dungeon, and saw 16 of its levels.
You also visited: Sewer.

You collected 911 gold pieces.

Inventory:

Hand Weapons
 p - a +7 vorpal war axe (weapon)
 q - a +5 vorpal broad axe
 y - a +1 scimitar of flaming
Missiles
 s - a throwing net (quivered)
Armour
 m - a +0 tower shield (worn)
 D - a +0 helmet (worn)
 G - the +5 chain mail of the Swan (worn) {Int+3}
   (You found it on level 10 of the Dungeon)

   Int:       It affects your intelligence (+3).
Jewellery
 b - a ring of resist corrosion
 f - a ring of protection from fire (right hand)
 l - the ring "Sicyssil" (left hand) {rElec Dex+6}
   (You found it on level 2 of the Dungeon)

   [ring of dexterity]

   Dex:       It affects your dexterity (+6).
   rElec:     It insulates you from electricity.
 o - a ring of protection from cold
Wands
 c - a wand of flame (39)
 v - a wand of digging (1)
 w - a wand of mindburst (11)
 B - a wand of acid (3)
 E - a wand of paralysis (10)
Scrolls
 h - 2 scrolls of silence
 x - 5 scrolls of identify
 A - 7 scrolls of teleportation
 C - 3 scrolls of blinking
 F - 2 scrolls of enchant weapon
 H - 3 scrolls of magic mapping
Potions
 a - a potion of cancellation
 d - 4 potions of might
 e - 4 potions of flight
 g - 12 potions of curing
 i - a potion of heal wounds
 j - 6 potions of brilliance
 k - 4 potions of haste
 r - 6 potions of invisibility
 t - a potion of magic
 u - 5 potions of resistance
 z - 3 potions of ambrosia


   Skills:
 + Level 8.0 Fighting
 + Level 1.3 Long Blades
 + Level 11.0 Axes
 + Level 9.0 Armour
 - Level 0.1 Dodging
 - Level 0.1 Stealth
 + Level 10.0 Shields
 * Level 8.3 Translocations
 * Level 7.1 Invocations
 * Level 5.7 Evocations


You had 11 spell levels left.
You knew the following spells:

 Your Spells              Type           Power      Damage    Failure   Level
a - Apportation           Tloc           40%        N/A       43%         1

Your spell library contained the following spells:

 Spells                   Type           Power      Damage    Failure   Level
 Sandblast                Erth           0%         2d4       100%        1
 Shock                    Conj/Air       0%         1d3       100%        1
 Passwall                 Tmut/Erth      0%         N/A       100%        2
 Scorch                   Fire           0%         2d5       100%        2
 Stone Arrow              Conj/Erth      0%         3d7       100%        3
 Swiftness                Air            0%         N/A       100%        3
 Airstrike                Air            0%         N/A       100%        4
 Cause Fear               Hex            0%         N/A       100%        4
 Flame Wave               Conj/Fire      0%         2d4       100%        4
 Blade Hands              Tmut           0%         N/A       100%        5
 Irradiate                Conj/Tmut      0%         3d13      100%        5
 Lightning Bolt           Conj/Air       0%         1d11      100%        5
 Dragon Form              Tmut           0%         N/A       100%        7
 Animate Skeleton         Necr           Unusable   N/A       N/A         1
 Summon Small Mammal      Summ           Unusable   N/A       N/A         1
 Summon Lightning Spire   Summ/Air       Unusable   N/A       N/A         4
 Summon Cactus Giant      Summ           Unusable   N/A       N/A         6
 Dragon's Call            Summ           Unusable   N/A       N/A         9

Dungeon Overview and Level Annotations

Branches:
Dungeon (11/15)            Temple (1/1) D:4            Lair (4/6) D:11
 Shoals (0/4) Lair:4       Spider (0/4) Lair:4          Orc (0/2) D:11
  Sewer (visited)

Altars:
Ashenzari
Cheibriados
Dithmenos
Elyvilon
Fedhas
Gozag
Hepliaklqana
Kikubaaqudgha
Makhleb
Nemelex Xobeh
Okawaru
Qazlal
Ru
Sif Muna
Trog
Uskayaw
Vehumet
Wu Jian
Xom
Yredelemnul
Zin
The Shining One
Beogh

Shops:
D:6 =

Annotations:
Lair:4 exclusion: oklob plant, Rupert


Innate Abilities, Weirdness & Mutations

You are immune to sickness and miasma.
Your stone body is resilient. (AC +9)
You are immune to poison.
You resist negative energy. (rN+)
You are resistant to electric shocks. (rElec)
You are resistant to unholy torment.
You are immune to petrification.
A frigid envelope surrounds you and freezes all who hurt you.


Message History

The yak is severely wounded.
Rupert roars madly and goes into a rage!
Rupert goes berserk!
Your Shields skill increases to level 10!
You closely miss Rupert.
Rupert is moderately wounded.
You slash the yak! x2
You kill the yak!
Okawaru accepts your kill.
You slash the yak!
You kill the yak!
Okawaru accepts your kill. You block Rupert's attack.
You block the yak's attack.
You slash Rupert!
Rupert is moderately wounded.
You hit the yak. You block Rupert's attack. Rupert barely misses you.
You block the yak's attack.
Unknown command.
You completely miss Rupert.
Rupert is moderately wounded.
You slash the yak! Rupert barely misses you. You block Rupert's attack.
The yak barely misses you.
You slash Rupert!
Rupert is heavily wounded.
You slash the yak!
You kill the yak!
Okawaru accepts your kill. You block Rupert's attack.
Rupert hits you with a +1 vorpal great sword!
Rupert is very cold.
Rupert is heavily wounded.
Your Fighting skill increases to level 8!
You slash Rupert!
Rupert is heavily wounded.
Rupert hits you with a +1 vorpal great sword.
* * * LOW HITPOINT WARNING * * *
Rupert is very cold.
Rupert is heavily wounded.
Rupert hits you with a +1 vorpal great sword!!!
You die...

.<(.##..P.# .# ...#
..#.P #.....!### ##.###.
......... ...........
##......... ######....
.>......... #
##..#.####.##........ ##
#.#..##.... ......... P#
#.........###††.....# ##
#.....#P...##@@.....#
####.....##...#.#†#....#
P.##........>....## ##.
.................#
###.......P##....#
##....)####.......
####.#.# ....#.##
#.....#...$##
...........#


You could see Rupert (berserk).

Vanquished Creatures
  5 hydras
  Erica (D:8)
  2 two-headed ogres
  A deep elf pyromancer (D:9)
  Pikel (D:7)
  A manticore (D:11)
  An ugly thing (D:11)
  5 elephants
  2 black mambas (Lair:3)
  6 cane toads
  A komodo dragon (Lair:2)
  Grinder (D:6)
  6 blink frogs
  A shadow (D:9)
  Sigmund (D:5)
  4 wyverns
  22 yaks
  4 basilisks
  6 humans (D:7)
  3 steam dragons
  3 vampire mosquitoes (D:9)
  An acid dragon (D:8)
  10 water moccasins
  9 orc warriors
  An ice beast (D:5)
  3 necrophages
  A sky beast (D:4)
  An ogre (D:7)
  3 centaurs
  4 phantoms
  2 lemures (D:7)
  6 kobold brigands
  9 bullfrogs
  3 scorpions (D:4)
  A water moccasin zombie (D:7)
  A wyvern zombie (D:8)
  A water moccasin skeleton (D:6)
  8 wights
  4 howler monkeys
  An electric eel (Lair:2)
  3 centaur zombies
  A hound (D:5)
  A jelly (D:3)
  A bullfrog skeleton (D:4)
  6 orc priests
  Natasha (thrice) (D:2)
  6 orc wizards
  A hound skeleton (D:5)
  2 howler monkey zombies (D:9)
  10 adders
  12 gnolls
  11 river rats
  An ufetubus (D:6)
  An adder skeleton (D:4)
  A worm (D:5)
  A dart slug (D:3)
  49 orcs
  7 ball pythons
  3 endoplasms
  7 giant cockroaches
  9 goblins
  8 hobgoblins
  6 jackals
  3 quokkas
  7 bats
  16 frilled lizards
  31 kobolds
  31 rats
  2 rat zombies (D:5)
  A butterfly (Lair:3)
387 creatures vanquished.

Vanquished Creatures (others)
  4 plants
4 creatures vanquished.

Grand Total: 391 creatures vanquished

Notes
Turn   | Place    | Note
-------+----------+-------------------------------------------
     0 | D:1      | bande the Gargoyle Fighter began the quest for the Orb.
     0 | D:1      | Reached XP level 1. HP: 14/14 MP: 1/1
   217 | D:1      | Reached XP level 2. HP: 19/19 MP: 2/2
   248 | D:1      | Reached skill level 2 in Axes
   648 | D:1      | Learned a level 1 spell: Apportation
   936 | D:1      | Reached XP level 3. HP: 20/23 MP: 3/3
  1233 | D:1      | Gained mutation: You are clumsy. (Dex -2) [potion of
                  | mutation]
  1233 | D:1      | Gained mutation: You are partially covered in iridescent
                  | scales. (AC +2) [potion of mutation]
  1233 | D:1      | Gained mutation: You are frail. (-10% HP) [potion of
                  | mutation]
  1515 | D:1      | Found a faded altar of an unknown god.
  2094 | D:2      | Lost mutation: You are frail. (-10% HP) [potion of
                  | mutation]
  2094 | D:2      | Lost mutation: You are partially covered in iridescent
                  | scales. (AC +2) [potion of mutation]
  2094 | D:2      | Lost mutation: You are clumsy. (Dex -2) [potion of
                  | mutation]
  2094 | D:2      | Gained mutation: A frigid envelope surrounds you and
                  | freezes all who hurt you. [potion of mutation]
  2148 | D:2      | Reached skill level 1 in Translocations
  2148 | D:2      | Reached XP level 4. HP: 10/28 MP: 4/4
  2570 | D:2      | Reached XP level 5. HP: 32/33 MP: 5/5
  2886 | D:2      | Noticed Natasha
  2890 | D:2      | Killed Natasha
  2891 | D:2      | Reached skill level 3 in Axes
  3060 | D:2      | Identified the ring "Sicyssil" {rElec Dex+6}
  3102 | D:2      | Noticed Natasha
  3108 | D:2      | Killed Natasha
  3674 | D:2      | Reached XP level 6. HP: 25/38 MP: 6/6
  4016 | D:2      | Noticed Natasha
  4029 | D:2      | Killed Natasha
  4123 | D:3      | Reached skill level 4 in Axes
  4475 | D:3      | Reached XP level 7. HP: 43/43 MP: 7/7
  4933 | D:4      | Reached skill level 5 in Axes
  4994 | D:4      | Found a staircase to the Ecumenical Temple.
  5005 | Temple   | Entered the Ecumenical Temple
  5370 | D:4      | Reached XP level 8. HP: 45/48 MP: 8/8
  5459 | D:4      | Noticed a yak
  5459 | D:4      | Noticed a yak
  5459 | D:4      | Noticed a yak
  5460 | D:4      | Noticed a yak
  5460 | D:4      | Noticed a yak
  5460 | D:4      | Noticed a yak
  5525 | D:3      | Killed a yak
  5526 | D:3      | Reached skill level 5 in Armour
  5526 | D:3      | Reached skill level 5 in Shields
  5868 | D:3      | Killed a yak
  5869 | D:3      | Killed a yak
  5870 | D:3      | Reached skill level 5 in Fighting
  5870 | D:3      | Reached skill level 6 in Axes
  6131 | D:3      | Killed a yak
  6263 | D:3      | Killed a yak
  6264 | D:3      | Reached XP level 9. HP: 29/54 MP: 9/9
  7194 | D:5      | Entered Level 5 of the Dungeon
  7312 | D:5      | Found a glowing drain.
  7328 | Sewer    | Entered a sewer
  7481 | Sewer    | Reached skill level 7 in Axes
  7949 | D:5      | Noticed Sigmund
  7956 | D:5      | Killed Sigmund
  7957 | D:5      | Reached skill level 5 in Translocations
  7971 | D:5      | Identified a scroll of acquirement
  7971 | D:5      | Acquired a +4 vorpal broad axe
  8012 | D:5      | Found a basalt altar of Yredelemnul.
  8204 | D:5      | Found an ancient bone altar of Kikubaaqudgha.
  8554 | D:6      | Noticed Grinder
  8560 | D:6      | Killed Grinder
  8561 | D:6      | Reached skill level 8 in Axes
  8561 | D:6      | Reached XP level 10. HP: 51/60 MP: 10/10
  8824 | D:6      | Found an iron altar of Okawaru.
  8829 | D:6      | Became a worshipper of Warmaster Okawaru
  8872 | D:6      | Found Ozytomus's Jewellery Shoppe.
  9218 | D:6      | Reached skill level 1 in Invocations
  9303 | D:6      | Reached * piety under Okawaru
  9304 | D:6      | Reached skill level 1 in Evocations
  9988 | D:7      | Noticed Pikel
  9995 | D:7      | Killed Pikel
 10924 | D:7      | Reached ** piety under Okawaru
 11575 | D:8      | Reached skill level 9 in Axes
 11618 | D:8      | Noticed Erica
 11630 | D:8      | Killed Erica
 11630 | D:8      | Reached *** piety under Okawaru
 11631 | D:8      | Reached XP level 11. HP: 41/66 MP: 13/13
 11988 | D:8      | You fall into a shaft and drop 2 floors!
 11988 | D:10     | Entered Level 10 of the Dungeon
 12344 | D:10     | Noticed a two-headed ogre
 12357 | D:10     | Killed a two-headed ogre
 12865 | D:9      | Noticed a deep elf pyromancer
 12870 | D:9      | Killed a deep elf pyromancer
 12870 | D:9      | Reached **** piety under Okawaru
 13743 | D:8      | Found a shimmering blue altar of Sif Muna.
 13750 | D:8      | Found a bloodstained altar of Trog.
 13751 | D:8      | Found a sacrificial altar of Ru.
 14063 | D:9      | Found a shimmering altar of Xom.
 14776 | D:10     | Identified the +5 chain mail of the Swan {Int+3}
 15193 | D:11     | Noticed a manticore
 15214 | D:11     | Killed a manticore
 15893 | D:11     | Found a staircase to the Orcish Mines.
 16008 | D:11     | Noticed a two-headed ogre
 16014 | D:11     | Killed a two-headed ogre
 16416 | D:11     | Noticed a cyan ugly thing
 16422 | D:11     | Killed a cyan ugly thing
 16423 | D:11     | Reached skill level 5 in Invocations
 16556 | D:11     | Found a staircase to the Lair.
 16667 | Lair:1   | Entered Level 1 of the Lair of Beasts
 16879 | D:11     | Reached ***** piety under Okawaru
 17053 | Lair:1   | Noticed a five-headed hydra
 17057 | D:11     | Reached skill level 10 in Axes
 17081 | Lair:1   | Killed a five-headed hydra
 17082 | Lair:1   | Reached XP level 12. HP: 45/72 MP: 14/16
 17858 | Lair:2   | Noticed an eight-headed hydra
 17869 | Lair:2   | Killed a six-headed hydra
 18974 | Lair:2   | Noticed a six-headed hydra
 18982 | Lair:2   | Killed a four-headed hydra
 19603 | Lair:3   | Reached skill level 5 in Evocations
 19605 | Lair:3   | Received a gift from Okawaru
 20154 | Lair:3   | Reached ****** piety under Okawaru
 20228 | Lair:3   | Noticed a six-headed hydra
 20234 | Lair:3   | Killed a three-headed hydra
 21273 | Lair:4   | Found a shimmering altar of Xom.
 21399 | Lair:4   | Noticed a five-headed hydra
 21406 | Lair:4   | Killed a two-headed hydra
 21407 | Lair:4   | Reached skill level 1 in Long Blades
 21412 | Lair:4   | Reached XP level 13. HP: 52/78 MP: 18/18
 21616 | Lair:4   | Found a hole to the Spider Nest.
 21751 | Lair:4   | Reached skill level 11 in Axes
 21768 | Lair:4   | Identified the +7 dagger of Vuufoqoi {venom, *Noise rN+++
                  | Dex+5 Stlth+}
 21795 | Lair:4   | Found a staircase to the Shoals.
 21798 | Lair:4   | Noticed Rupert
 21807 | Lair:4   | Reached skill level 10 in Shields
 21811 | Lair:4   | Demolished by Rupert

Illustrated notes

Levels and vault maps discovered:
D:1:      dpeg_arrival_water_temple_mockup, layout_basic,
          shapermc_ecumenical_altar_mp_urbaneastern, minmay_lizard_pond
D:2:      layout_loops_ring, minmay_fractal_squares_gapless_5, uniq_natasha
D:3:      layout_basic
D:4:      layout_gridville, minmay_temple_entry_trees, kennysheep_dice
D:5:      layout_basic, lemuel_zombie_altar_kikubaaqudgha, lemuel_round_altar,
          lightli_sewer_entry_pipes, uniq_sigmund
D:6:      layout_basic, mainiacjoe_overflow_six_doors_small, serial_shops,
          kennysheep_mini_moat, uniq_grinder
D:7:      layout_gridville, supply_closet_lemuel, minmay_ruffians, uniq_pikel
D:8:      nicolae_BIG_FREAKIN_CUBE, layout_basic, minitemple, uniq_erica
D:9:      layout_cave_pods, tgw_xom, item_on_display_a
D:10:     layout_loops_ring, nrook_mini_backslash
D:11:     layout_gridville, lair_entry_dummy, david_orc_5
Temple:   regret_index_temple_waves
Lair:1:   layout_regular_city, infiniplex_staircase_pool_2
Lair:2:   layout_cellular_growth, serial_bayou_shore_a, grunt_megastairs_4,
          lemuel_fruit_tree, lemuel_fruit_fields
Lair:3:   layout_regular_city
Lair:4:   layout_loops_ring, shoals_dummy_entry, dummy_spider_entry,
          lemuel_oklob_altar, uniq_kirke, uniq_rupert

Skill      XL: |  1  2  3  4  5  6  7  8  9 10 11 12 13 |
---------------+----------------------------------------+-----
Axes           | 2 3 4 5 6 8 9 10 11 | 11.0
Translocations | 1 2 3 4 5 6 7 8 |  8.3
Armour         | 4 5 6 7 9 |  9.0
Fighting       | 4 5 6 7 8 |  8.0
Shields        | 4 5 7 8 9 10 | 10.0
Invocations    | 3 5 6 7 |  7.1
Evocations     | 2 4 5 |  5.7
Long Blades    | 1 |  1.3
Dodging        | |  0.1
Stealth        | |  0.1

Action                   |  1- 3 |  4- 6 |  7- 9 | 10-12 | 13-15 || total
-------------------------+-------+-------+-------+-------+-------++-------
Melee: War axe           |   131 |    72 |   181 |    37 |    25 ||   446
       Broad axe         |       |       |    40 |   364 |       ||   404
       Scimitar          |       |       |       |    13 |       ||    13
  Use: Potion            |     2 |     1 |     2 |     1 |       ||     6
       Scroll            |     1 |     2 |    13 |     4 |       ||    20
Armor: Scale mail        |    67 |       |       |       |       ||    67
       Plate armour      |     8 |    49 |   135 |   122 |       ||   314
       Chain mail        |       |       |       |   153 |    14 ||   167
Dodge: Dodged            |    59 |    16 |    15 |    67 |     3 ||   160
Block: Buckler           |    24 |     5 |       |       |       ||    29
       Tower shield      |       |    47 |   211 |   449 |    27 ||   734

Table legend: (Time is in decaauts)
 A = Elapsed time spent in this place.
 B = Non-inter-level travel time spent in this place.
 C = Inter-level travel time spent in this place.
 D = Time resting spent in this place.
 E = Time spent auto-exploring this place.
 F = Levels seen in this place.
 G = Mean time per level.
                   A        B        C        D        E       F      G
               +--------+--------+--------+--------+--------+-----+--------+
         Total |  22312 |  22092 |    220 |   8284 |  10389 |  17 | 1312.5 |
       Dungeon |  16689 |  16526 |    163 |   6557 |   7353 |  11 | 1517.2 |
        Temple |    139 |     82 |     57 |      0 |     65 |   1 |  139.0 |
          Lair |   4860 |   4860 |      0 |   1727 |   2532 |   4 | 1215.0 |
         Sewer |    623 |    623 |      0 |      0 |    438 |   1 |  623.0 |
               +--------+--------+--------+--------+--------+-----+--------+

Top non-repeatable levels by time:
     D:2: 2134 daAuts
     D:3: 2077 daAuts
  Lair:2: 2037 daAuts
    D:11: 1920 daAuts
     D:1: 1885 daAuts
    D:10: 1747 daAuts
     D:7: 1565 daAuts
  Lair:3: 1495 daAuts
     D:6: 1213 daAuts
     D:4: 1140 daAuts
     D:9: 1118 daAuts
     D:8: 1057 daAuts
     D:5: 827 daAuts
  Lair:1: 780 daAuts
   Sewer: 623 daAuts
